 Dungeon Sprint DCSS version 0.20-a0-555-gf6ae02d (webtiles) character file.

816 Gingerlord the Fighter (level 7, -3/63 HPs)
             Began as a Barachian Fighter on Feb 4, 2017.
             Was a Priest of Makhleb.
             Slain by a centaur warrior (7 damage)
             ... in the Dungeon (Sprint IX: "|||||||||||||||||||||||||||||").
             The game lasted 00:01:52 (683 turns).

Gingerlord the Fighter (Barachian Fighter)           Turns: 683, Time: 00:01:53

Health: -3/63      AC: 13    Str: 16    XL:     7   Next: 94%
Magic:  12/12      EV:  9    Int:  6    God:    Makhleb [***...]
Gold:   0          SH: 11    Dex: 17    Spells: 6/6 levels left

rFire    . . .     SeeInvis .   p - +2 scimitar (flame)
rCold    . . .     Gourm    .   q - +1 chain mail {rN+}
rNeg     + . .     Faith    .   c - +0 shield
rPois    .         Spirit   .   (no helmet)
rElec    .         Reflect  .   a - +0 cloak
rCorr    .         Harm     .   (no gloves)
MR       .....     NoTele   +   (no boots)
Stlth    ..........             (no amulet)
Regen    0.2/turn               s - +3 ring of dexterity
                                r - +3 ring of dexterity

@: slow
A: swims, slowness 1, strong legs 1
a: Hop, Minor Destruction, Lesser Servant of Makhleb, Renounce Religion


You were in the Dungeon.
You worshipped Makhleb.
Makhleb was most pleased with you.
You were not hungry.

You visited 1 branch

Inventory:

Hand Weapons
 p - a +2 scimitar of flaming (weapon)
Armour
 a - a +0 cloak (worn)
 c - a +0 shield (worn)
 q - a +1 chain mail of positive energy (worn)
Jewellery
 r - a +3 ring of dexterity (left hand)
 s - a +3 ring of dexterity (right hand)
Wands
 o - a wand of acid (7/15)
Scrolls
 k - 2 scrolls of blinking
 m - 3 scrolls of remove curse
 n - 2 scrolls of amnesia
Potions
 d - a potion of might
 e - 4 potions of curing
 g - a potion of heal wounds
 h - a potion of haste
 i - 4 potions of magic
 j - a potion of berserk rage
 l - a potion of invisibility
Comestibles
 f - a bread ration


   Skills:
 + Level 8.4 Fighting
 + Level 7.9 Long Blades
 + Level 8.4 Armour
 + Level 6.8 Dodging
 + Level 7.7 Shields
 + Level 6.7 Invocations


You had 6 spell levels left.
You didn't know any spells.

Dungeon Overview and Level Annotations

Branches:
Dungeon (1/1)

Altars:
Cheibriados
Dithmenos
Elyvilon
Fedhas
Gozag
Hepliaklqana
Kikubaaqudgha
Makhleb
Nemelex Xobeh
Okawaru
Qazlal
Ru
Sif Muna
Trog
Uskayaw
Vehumet
Xom
Yredelemnul
Zin
The Shining One
Beogh
Jiyva
Lugonu


Innate Abilities, Weirdness & Mutations

You can swim through water.
You cover ground slowly.
You can hop short distances.


Message History

You block the centaur warrior's attack.
You closely miss the centaur warrior.
The centaur warrior is heavily wounded.
The centaur warrior barely misses you. The centaur warrior hits you.
You hit the centaur warrior but do no damage.
The centaur warrior is heavily wounded.
You block the centaur warrior's attack.
You hit the centaur warrior. You burn the centaur warrior.
The centaur warrior is heavily wounded.
The centaur warrior hits you. You block the centaur warrior's attack.
You hit the centaur warrior but do no damage.
The centaur warrior is heavily wounded.
The centaur warrior hits you!
* * * LOW HITPOINT WARNING * * *
You slash the centaur warrior! You burn the centaur warrior.
The centaur warrior is almost dead.
The centaur warrior hits you!
* * * LOW HITPOINT WARNING * * *
The centaur warrior hits you!
You die... ▓▓▓▓▓▓▓▓▓▓▓▓▓▓▓▓▓▓▓▓▓▓▓▓ +.....c@(....))[..[.)|.. ▓▓▓▓▓▓▓▓▓▓▓▓▓▓▓▓▓▓▓▓▓▓▓▓

You could see a centaur warrior.

Vanquished Creatures
  A troll (D)
  A shadow (D)
  A hungry ghost (D)
  An ogre (D)
  2 bullfrogs (D)
  A howler monkey (D)
  2 jellies (D)
  An adder (D)
  An adder zombie (D)
  2 leopard geckos (D)
  2 orcs (D)
  A bat skeleton (D)
  A giant cockroach (D)
  A goblin (D)
  A hobgoblin (D)
  A bat (D)
  A rat (D)
21 creatures vanquished.

Notes
Turn   | Place    | Note
-------+----------+-------------------------------------------
     0 | D        | Gingerlord the Barachian Fighter began the quest for the Orb.
     0 | D        | Reached XP level 1. HP: 18/18 MP: 1/1
    21 | D        | Reached skill level 1 in Dodging
    94 | D        | Noticed a howler monkey
    97 | D        | Reached XP level 2. HP: 20/25 MP: 2/2
   108 | D        | Killed a howler monkey
   108 | D        | Reached XP level 3. HP: 10/31 MP: 3/3
   351 | D        | Found a roughly hewn altar of Beogh.
   351 | D        | Found a snail-covered altar of Cheibriados.
   351 | D        | Found a shadowy altar of Dithmenos.
   351 | D        | Found a white marble altar of Elyvilon.
   351 | D        | Found a blossoming altar of Fedhas.
   351 | D        | Found an opulent altar of Gozag.
   352 | D        | Found a hazy altar of Hepliaklqana.
   353 | D        | Found a viscous altar of Jiyva.
   354 | D        | Found an ancient bone altar of Kikubaaqudgha.
   355 | D        | Found a corrupted altar of Lugonu.
   356 | D        | Found a burning altar of Makhleb.
   357 | D        | Found a sparkling altar of Nemelex Xobeh.
   358 | D        | Found an iron altar of Okawaru.
   359 | D        | Found a stormy altar of Qazlal.
   360 | D        | Found a sacrificial altar of Ru.
   361 | D        | Found a deep blue altar of Sif Muna.
   362 | D        | Found a bloodstained altar of Trog.
   363 | D        | Found a hide-covered altar of Uskayaw.
   364 | D        | Found a radiant altar of Vehumet.
   365 | D        | Found a shimmering altar of Xom.
   366 | D        | Found a basalt altar of Yredelemnul.
   367 | D        | Found a glowing silver altar of Zin.
   372 | D        | Became a worshipper of Makhleb the Destroyer
   377 | D        | Found a glowing golden altar of the Shining One.
   425 | D        | Noticed an ogre
   425 | D        | Noticed a bullfrog
   425 | D        | Noticed a hungry ghost
   438 | D        | Killed a hungry ghost
   438 | D        | Reached skill level 5 in Long Blades
   438 | D        | Reached skill level 5 in Shields
   438 | D        | Reached XP level 4. HP: 37/40 MP: 3/6
   438 | D        | Reached XP level 5. HP: 42/46 MP: 3/7
   445 | D        | Reached XP level 6. HP: 48/53 MP: 3/9
   446 | D        | Reached * piety under Makhleb
   450 | D        | Reached skill level 5 in Dodging
   455 | D        | Reached skill level 5 in Invocations
   466 | D        | Reached ** piety under Makhleb
   641 | D        | Noticed a centaur warrior
   641 | D        | Noticed a shadow
   641 | D        | Noticed a troll
   650 | D        | Reached XP level 7. HP: 57/60 MP: 9/11
   662 | D        | Killed a troll
   662 | D        | Reached *** piety under Makhleb
   665 | D        | Killed a shadow
   672 | D        | HP: 2/63 [centaur warrior (6)]
   683 | D        | Slain by a centaur warrior

Vault maps used:
D:        linesprint

Skill      XL: |  1  2  3  4  5  6  7 |
---------------+----------------------+-----
Dodging        | 1 2 4 5 6 |  6.8
Fighting       | 4 6 7 8 |  8.4
Long Blades    | 4 5 6 7 |  7.9
Armour         | 4 6 7 8 |  8.4
Shields        | 4 5 6 7 |  7.7
Invocations    | 3 4 5 6 |  6.7

Action                   |  1- 3 |  4- 6 |  7- 9 || total
-------------------------+-------+-------+-------++-------
Melee: Long sword        |    44 |       |       ||    44
       Scimitar          |    13 |    36 |    29 ||    78
  Use: Potion            |       |       |     3 ||     3
  Eat: Chunk             |       |     3 |       ||     3
Armor: Scale mail        |    21 |       |       ||    21
       Chain mail        |     4 |    16 |    15 ||    35
Dodge: Dodged            |    12 |    11 |    13 ||    36
Block: Shield            |    26 |    15 |    18 ||    59
       Rpst.: Long sword |     3 |       |       ||     3
       Scimitar          |       |     3 |     2 ||     5
